Map: Ley Lines

Players

SpeCial

  • Race: Protoss Protoss
  • League: Grandmaster
  • Spawn Location: 7:00

A.I. 1 (Very Easy) - Winner!

  • Race: Zerg Zerg
  • Spawn Location: 1:00

VOD

Have the link to the VOD?

Description

Time

  • Played on: Oct. 21, 2025, 10:38 p.m.
  • Length: 9:06
Show
View Real Time Build Order
Export as new Build Order

SpeCial Protoss 

Build Orders: 1 Gate Expand, Oracle Opening, Archon Immortal, Archon Drop 

Get SALT Encoding   

  12  0:00  Probe  
  13  0:13  Probe  
  14  0:18  Pylon  
  14  0:24  Probe  
  15  0:32  Probe  
  15  0:38  Gateway  
  15  0:40  Probe  
  16  0:46  Assimilator  
  17  0:51  Probe  
  18  1:03  Probe  
  19  1:15  Probe  
  20  1:25  Nexus  
  20  1:32  Cybernetics Core  
  20  1:37  Assimilator  
  20  1:40  Probe  
  20  1:46  Pylon  
  21  1:52  Probe  
  22  1:59  Adept  
  22  2:04  Probe  
  23  2:15  Probe  
  25  2:21  Stargate  
  26  2:23  Probe  
  26  2:29  Adept  
  29  2:32  Probe  
  29  2:33  Probe  
  30  2:39  Warp Gate  
  30  2:41  Probe  
  31  2:45  Probe  
  33  2:51  Gateway  
  33  2:57  Pylon, Probe  
  33  2:58  Oracle, Pylon  
  34  3:00  Probe  
  35  3:09  Probe  
  39  3:14  Probe  
  40  3:21  Probe  
  40  3:24  Pylon  
  40  3:26  Probe  
  42  3:33  Probe  
  43  3:38  Nexus  
  43  3:41  Probe  
  43  3:46  Probe  
  43  3:48  Robotics Facility  
  45  3:57  Twilight Council  
  45  3:59  Probe  
  45  4:00  Probe  
  45  4:01  Assimilator  
  47  4:07  Assimilator  
  47  4:12  Probe x2  
  49  4:24  Probe x2  
  51  4:25  Warp Prism  
  51  4:36  Probe x2  
  51  4:37  Templar Archives  
  55  4:40  Gateway  
  55  4:41  Gateway  
  55  4:48  Probe x2  
  57  4:53  Probe  
  57  4:56  Adept  
  60  5:00  Probe x2  
  60  5:02  Pylon  
  60  5:05  Probe  
  67  5:07  Observer  
  67  5:12  Probe x2  
  66  5:14  Pylon  
  66  5:16  Shield Battery  
  66  5:19  Pylon  
  66  5:21  Shield Battery  
  66  5:22  Probe  
  66  5:24  Probe  
  68  5:30  Probe  
  68  5:33  High Templar x2  
  68  5:34  Forge, Probe  
  68  5:35  Immortal  
  74  5:36  Probe, High Templar x2  
  74  5:37  Gateway  
  74  5:39  Charge  
  74  5:40  Gateway  
  74  5:41  Archon x2  
  79  5:44  Probe  
  79  5:46  Probe  
  79  5:49  Probe  
  86  5:52  Assimilator  
  86  5:53  Protoss Ground Weapons Level 1  
  86  5:56  Assimilator  
  86  5:59  Gateway x2, Psionic Storm  
  86  6:04  Probe x2  
  86  6:05  Probe  
  89  6:13  Immortal  
  89  6:16  Probe x2  
  89  6:17  Probe  
  92  6:23  Pylon  
  92  6:29  Zealot x2  
  100  6:33  Pylon  
  100  6:43  Zealot x3  
  100  6:44  Zealot  
  108  6:47  Nexus  
  108  6:48  Immortal  
  112  7:01  High Templar x2  
  112  7:04  Probe  
  112  7:05  Pylon  
  117  7:22  Pylon  
  117  7:23  Probe x3  
  117  7:26  Gateway  
  117  7:27  Immortal, Gateway  
  124  7:34  Pylon  
  124  7:35  Probe  
  125  7:39  Pylon  
  125  7:40  High Templar x2, Probe x2  
  125  7:41  High Templar  
  133  7:52  Probe x3  
  133  7:57  Immortal, Photon Cannon  
  136  8:01  Shield Battery, Photon Cannon  
  136  8:02  Photon Cannon  
  136  8:08  Photon Cannon, Zealot  
  136  8:09  Zealot  
  136  8:10  High Templar x3  
  150  8:13  Pylon  
  150  8:20  High Templar  
  152  8:32  Photon Cannon  
  152  8:35  Archon x2  
  152  8:36  Zealot x3  
  152  8:37  Zealot x3  
  164  8:43  Probe x4  
  168  8:52  Nexus  
  168  8:55  Robotics Facility  
  172  8:59  Pylon  
  172  9:00  Pylon  
Show
View Real Time Build Order
Export as new Build Order

A.I. 1 (Very Easy) Zerg - Winner!

Build Orders: Pool First 

Get SALT Encoding   

  12  0:01  Drone  
  13  0:12  Overlord  
  13  0:16  Drone  
  14  0:35  Spawning Pool  
  14  0:37  Extractor  
  14  0:40  Drone  
  13  0:47  Drone  
  14  0:52  Overlord  
  14  1:22  Queen, Zergling x2  
  17  1:32  Roach Warren  
  17  1:36  Drone  
  17  1:41  Extractor  
  17  1:44  Drone  
  17  1:48  Zergling x2  
  18  2:03  Drone  
  19  2:10  Drone  
  19  2:14  Zergling x2  
  21  2:19  Drone  
  22  2:29  Overlord  
  22  2:33  Drone  
  23  2:40  Drone, Roach  
  26  2:47  Drone  
  27  7:04  Drone  
  27  7:06  Overlord, Lair, Roach  
  30  7:11  Drone  
  30  7:14  Hatchery  
  30  7:19  Drone  
  31  7:26  Drone  
  32  7:41  Roach  
  29  8:03  Overseer  
  29  8:06  Overseer  
  29  8:17  Zergling x2  
  30  8:26  Drone  
  31  8:33  Drone  
  32  8:36  Extractor  
  32  8:37  Extractor  
  32  8:41  Drone  
  31  8:48  Drone  
Tags
 
Add a new tag
Caveats
  • Supply blocks, unpowered buildings, or Contaminate may cause inaccurate times.
  • Supply counts are checked every 10 seconds.